 Dungeon Crawl Stone Soup version 0.17.2-1-ge4368a0 (webtiles) character file.

25 Wangfish the Insei (level 3, -4/24 HPs)
             Began as an Octopode Transmuter on Dec 25, 2016.
             Slain by a gnoll
             ... wielding a +0 halberd
              (9 damage)
             ... on level 1 of the Dungeon.
             The game lasted 00:05:54 (1080 turns).

Wangfish the Insei (Octopode Transmuter)            Turns: 1080, Time: 00:05:54

Health: -4/24      AC:  2    Str:  9    XL:     3   Next: 6%
Magic:  3/6        EV: 20    Int: 15    God:
Gold:   35         SH:  0    Dex: 18    Spells: 2 memorised, 2 levels left

rFire  . . .     SeeInvis .       - Unarmed
rCold  . . .     Clarity  .     (shield currently unavailable)
rNeg   . . .     SustAt   .     (helmet currently unavailable)
rPois  x         Gourm    .     (no amulet)
rElec  .         Spirit   .     (no ring)
rCorr  .         Warding  .     (no ring)
rMut   .         Stasis   .     (no ring)
MR     .....                    (no ring)
Stlth  ++........               (no ring)
                                (no ring)
                                (no ring)
                                (no ring)

@: spider-form (expiring), not resistant to hostile enchantments, unstealthy
A: almost no armour, amphibious, 8 rings, (constrict 8), (camouflage 0),
(gelatinous body 0)
a: End Transformation


You were on level 1 of the Dungeon.
You were not hungry.
You were a venomous arachnid creature.
You visited 1 branch of the dungeon, and saw 1 of its levels.

You collected 35 gold pieces.

Inventory:

Missiles
 a - 12 arrows
 i - 3 stones (quivered)
Jewellery
 e - an uncursed ring of positive energy {unknown}
Scrolls
 g - a scroll of magic mapping {unknown}
Potions
 h - a potion of heal wounds {unknown}
Books
 b - a book of Changes

   Spells                             Type                      Level
   a - Beastly Appendage              Transmutation                1
   b - Sticks to Snakes               Transmutation                2
   c - Spider Form                    Transmutation/Poison         3
   d - Ice Form                       Ice/Transmutation            4
   e - Blade Hands                    Transmutation                5
Comestibles
 c - a bread ration
 d - a chunk of flesh
 f - a beef jerky
 j - a meat ration


   Skills:
 + Level 1.7 Fighting
 - Level 2.0 Dodging
 + Level 3.3 Unarmed Combat
 - Level 2.0 Spellcasting
 + Level 2.7 Transmutations
 + Level 0.0 Poison Magic


You had 2 spell levels left.
You knew the following spells:

 Your Spells              Type           Power        Failure   Level  Hunger
a - Beastly Appendage     Trmt           #.....       24%         1    #......
b - Spider Form           Trmt/Pois      #.........   65%         3    ###....


Dungeon Overview and Level Annotations

Branches:
Dungeon (1/15)

Altars:


Innate Abilities, Weirdness & Mutations

You cannot wear most types of armour.
You are amphibious.
You can wear up to eight rings at the same time.
((You can use your tentacles to constrict eight enemies at once.))
((Your skin changes colour to match your surroundings (Stealth).))
((Your rubbery body absorbs attacks (AC +1).))


Message History

You continue memorising. x2
You finish memorising.
Spell assigned to 'b'.
Casting: Beastly Appendage
Confirm with . or Enter, or press ? or * to list all spells.
You turn into a venomous arachnid creature.
Your transformation is almost over.
The gnoll shouts!
The gnoll misses you. The gnoll misses you.
A goblin comes into view. It is wielding a dagger.
You completely miss the gnoll. The gnoll hits you with a halberd!
Ouch! That really hurt!
You bite the gnoll!
The gnoll is poisoned.
The gnoll is severely wounded.
You barely miss the gnoll.
The gnoll is severely wounded.
The gnoll misses you. The goblin hits you with a dagger.
* * * LOW HITPOINT WARNING * * *
The gnoll hits you from afar with a halberd!
You die...

........## #. .....####
# #.# .# #.......###.
#... ..#
.#.....#.##.##.#. ..#
..#...#..#.....#. .)#
...#.#...#.......#..+###
####.....# #.#.##.......
...#.#...# ##.......#
..#...#..#.#.#..sg..#
.#.....#.#.....##.#..$..
#...)...######.##g# ##.#
.....#### #.##.#
#.......## #.##..
.#.....#.# #.####
..#...#..#####.#
...#.#...#.....#
####.....#.###.#


You could see a gnoll and a goblin.

Vanquished Creatures
  3 bats (D:1)
  2 giant cockroaches (D:1)
  2 hobgoblins (D:1)
  4 jackals (D:1)
  3 kobolds (D:1)
  3 giant newts (D:1)
  4 goblins (D:1)
  3 rats (D:1)
24 creatures vanquished.

Notes
Turn   | Place    | Note
--------------------------------------------------------------
     0 | D:1      | Wangfish the Octopode Transmuter began the quest for the Orb.
     0 | D:1      | Reached XP level 1. HP: 13/13 MP: 3/3
   318 | D:1      | Reached XP level 2. HP: 9/18 MP: 5/5
   812 | D:1      | Reached XP level 3. HP: 11/24 MP: 4/6
  1063 | D:1      | Learned a level 3 spell: Spider Form
  1080 | D:1      | Slain by a gnoll

Action                   || total
-------------------------++-------
Melee: Unarmed           ||    59
 Cast: Beastly Appendage ||    13
       Spider Form       ||     1
 Stab: Sleeping          ||     2
  Eat: Chunk             ||     1
